 Dungeon Crawl Stone Soup version 0.29.1-15-g9cfb28693d (webtiles) character file.

Game seed: 1022791682026959219

565 Kranky the Magician (level 7, -1/56 HPs)
             Began as a Gnoll Wanderer on Apr 25, 2023.
             Slain by a hound (2 damage)
             ... on level 5 of the Dungeon.
             The game lasted 00:10:16 (5047 turns).

Kranky the Magician (Gnoll Wanderer)                Turns: 5047, Time: 00:10:17

Health: -1/56      AC:  7    Str: 13    XL:     7   Next: 32%
Magic:  18/18      EV: 11    Int: 13    God:
Gold:   240        SH:  0    Dex: 10    Spells: 21/21 levels left

rFire   + . .      SeeInvis +   f - +2 dagger (venom)
rCold   . . .      Faith    .   (no shield)
rNeg    . . .      Spirit   .   r - +0 ring mail
rPois   .          Reflect  .   (no helmet)
rElec   .          Harm     .   d - +0 cloak
rCorr   .          Rampage  .   (no gloves)
Will    .....                   q - +0 pair of boots
Stlth   +.........              (no amulet)
HPRegen 0.18/turn               h - ring of protection from fire
MPRegen 0.16/turn               o - ring of see invisible

@: no status effects
A: fangs 1, strong nose, distributed training
a: no special abilities


You were on level 5 of the Dungeon.
You visited 2 branches of the dungeon, and saw 6 of its levels.

You collected 240 gold pieces.

Inventory:

Hand Weapons
 a - a +0 club
 e - a +0 short sword
 f - a +2 dagger of venom (weapon)
 C - a +1 falchion of freezing
Armour
 c - a +0 robe
 d - a +0 cloak (worn)
 q - a +0 pair of boots (worn)
 r - a +0 ring mail (worn)
Jewellery
 h - a ring of protection from fire (left hand)
 o - a ring of see invisible (right hand)
 p - an amulet of guardian spirit
Scrolls
 g - 6 scrolls of teleportation {unknown}
 i - 3 scrolls of enchant weapon {unknown}
 k - a scroll of summoning {unknown}
 m - 3 scrolls of identify {unknown}
 s - a scroll of brand weapon {unknown}
 v - a scroll of poison {unknown}
 w - 4 scrolls of noise {unknown}
 y - a scroll of silence {unknown}
Potions
 b - 3 potions of curing
 j - 4 potions of might {unknown}
 l - a potion of brilliance {unknown}
 n - 2 potions of attraction {unknown}
 t - a potion of resistance {unknown}
 u - a potion of magic {unknown}
 x - a potion of haste {unknown}
 z - 2 potions of flight {unknown}
 A - a potion of degeneration {unknown}
 B - a potion of heal wounds {unknown}


   Skills:
 + Level 5.2 Fighting
 + Level 2.5 Short Blades
 + Level 2.5 Long Blades
 + Level 2.5 Axes
 + Level 2.5 Maces & Flails
 + Level 2.5 Polearms
 + Level 2.5 Staves
 + Level 2.5 Ranged Weapons
 + Level 2.5 Throwing
 + Level 2.5 Armour
 + Level 2.5 Dodging
 + Level 3.5 Stealth
 + Level 2.5 Shields
 + Level 2.5 Unarmed Combat
 + Level 7.6 Spellcasting
 + Level 2.0 Conjurations
 + Level 2.0 Hexes
 + Level 7.4 Summonings
 + Level 2.0 Necromancy
 + Level 2.0 Translocations
 + Level 2.0 Transmutations
 + Level 2.0 Fire Magic
 + Level 2.0 Ice Magic
 + Level 2.0 Air Magic
 + Level 2.0 Earth Magic
 + Level 2.0 Poison Magic
 + Level 2.8 Invocations
 + Level 2.5 Evocations


You had 21 spell levels left.
You didn't know any spells.
Your spell library contained the following spells:

 Spells                   Type           Power      Damage    Failure   Level
 Summon Small Mammal      Summ           96%        N/A       1%          1
 Call Canine Familiar     Summ           24%        N/A       4%          3
 Slow                     Hex            40%        N/A       13%         1
 Confusing Touch          Hex            10%        N/A       36%         3
 Portal Projectile        Hex/Tloc       20%        N/A       36%         3
 Stone Arrow              Conj/Erth      20%        3d8       36%         3
 Vampiric Draining        Necr           10%        2d6       36%         3
 Animate Armour           Summ/Erth      34%        N/A       38%         4
 Summon Ice Beast         Ice/Summ       17%        N/A       38%         4
 Lehudib's Crystal Spear  Conj/Erth      5%         10d3      100%        8


Dungeon Overview and Level Annotations

Branches:
Dungeon (5/15)             Temple (1/1) D:4

Altars:
Ashenzari
Dithmenos
Elyvilon
Gozag
Hepliaklqana
Kikubaaqudgha
Makhleb
Nemelex Xobeh
Sif Muna
Trog
Uskayaw
Wu Jian
Xom

Annotations:
D:5 1 exclusion, Dowan, Duvessa, Grinder, Sigmund


Innate Abilities, Weirdness & Mutations

You have very sharp teeth.
Your uncanny sense of smell can sniff out nearby items.
Your experience applies equally to all skills.


Message History

Grinder gestures at you. Pain shoots through your body!
You closely miss Grinder. Grinder hits you but does no damage.
You hit Grinder but do no damage.
Grinder is poisoned.
You bite Grinder, but do no damage. Grinder gestures at you.
You resist with significant effort.
You hit Grinder but do no damage. Grinder hits you.
You writhe in agony.
You hit Grinder but do no damage. You hit Grinder. You bite Grinder.
Grinder is lightly wounded.
Grinder hits you.
You writhe in agony.
You hit Grinder but do no damage.
Grinder is lightly wounded.
Grinder gestures at you.
You suddenly lose the ability to move!
Grinder hits you.
You writhe in agony.
Dowan shouts!
Grinder hits you!
You writhe in agony.
Duvessa hits you with a +1 short sword of holy wrath!
Grinder looks more healthy.
The hound stops to sniff the ground.
Grinder gestures at you. You resist with significant effort.
Duvessa hits you with a +1 short sword of holy wrath!
* * * LOW HITPOINT WARNING * * *
You can move again.
Duvessa attacks as you move away!
Duvessa hits you with a +1 short sword of holy wrath.
* * * LOW HITPOINT WARNING * * *
The hound bites you.
* * * LOW HITPOINT WARNING * * *
Duvessa attacks as you move away! Duvessa closely misses you.
The hound stops to sniff the ground.
The hound bites you but does no damage. The hound closely misses you.
Duvessa attacks as you move away! Duvessa closely misses you.
The hound bites you but does no damage. Duvessa attacks as you move away!
Duvessa hits you but does no damage. The hound attacks as you move away!
The hound bites you.
You die...

.# . ....... . .# . ....... #.
.#.# ....... #.#.#.+..........
## #....#........... ..)#
...#...#........... .....
#...8#...........#
......####+###.........##.##
............e@..............
............h..##.........###
..........5###.##...........##
...............###......# #..#
..........5##......>....###.#.
..........####.##<.......##...
...#.....## ##.#........)..<..
####.##### ##..#.#......##.#.h
#. ##.....#......#.....


You could see Grinder, Duvessa and a hound.

Vanquished Creatures
  A black bear (D:4)
  An ogre (D:5)
  A scorpion (D:4)
  2 hounds (D:4)
  2 iguanas
  An orc wizard (D:3)
  7 adders
  2 dart slugs
  17 orcs
  9 ball pythons
  6 bats
  7 endoplasms
  5 giant cockroaches
  11 goblins
  3 hobgoblins
  6 jackals
  11 kobolds
  6 quokkas
  4 frilled lizards
  2 rats
104 creatures vanquished.

Notes
Turn   | Place    | Note
-------+----------+-------------------------------------------
     0 | D:1      | Kranky the Gnoll Wanderer began the quest for the Orb.
     0 | D:1      | Kranky set off with the following items: a +0 club, a
                  | potion of curing, a +0 robe, a +0 cloak; and the following
                  | spells available to memorise: Summon Small Mammal, Call
                  | Canine Familiar, Slow, Summon Ice Beast, Portal Projectile.
     0 | D:1      | Reached XP level 1. HP: 20/20 MP: 8/8
   170 | D:1      | Reached XP level 2. HP: 22/26 MP: 10/10
   575 | D:1      | Reached XP level 3. HP: 31/31 MP: 11/11
   946 | D:1      | Found a faded altar of an unknown god.
  1158 | D:2      | Reached skill level 1 in Invocations
  1218 | D:2      | Reached skill level 1 in Short Blades
  1218 | D:2      | Reached skill level 1 in Long Blades
  1218 | D:2      | Reached skill level 1 in Axes
  1218 | D:2      | Reached skill level 1 in Maces & Flails
  1218 | D:2      | Reached skill level 1 in Polearms
  1218 | D:2      | Reached skill level 1 in Staves
  1218 | D:2      | Reached skill level 1 in Ranged Weapons
  1218 | D:2      | Reached skill level 1 in Throwing
  1218 | D:2      | Reached skill level 1 in Armour
  1218 | D:2      | Reached skill level 1 in Dodging
  1218 | D:2      | Reached skill level 1 in Shields
  1218 | D:2      | Reached skill level 1 in Unarmed Combat
  1218 | D:2      | Reached skill level 1 in Evocations
  1357 | D:2      | Reached XP level 4. HP: 35/38 MP: 13/13
  1779 | D:3      | Reached skill level 1 in Conjurations
  1779 | D:3      | Reached skill level 1 in Hexes
  1779 | D:3      | Reached skill level 1 in Necromancy
  1779 | D:3      | Reached skill level 1 in Translocations
  1779 | D:3      | Reached skill level 1 in Transmutations
  1779 | D:3      | Reached skill level 1 in Fire Magic
  1779 | D:3      | Reached skill level 1 in Ice Magic
  1779 | D:3      | Reached skill level 1 in Air Magic
  1779 | D:3      | Reached skill level 1 in Earth Magic
  1779 | D:3      | Reached skill level 1 in Poison Magic
  1998 | D:3      | Found a sparkling altar of Nemelex Xobeh.
  2103 | D:3      | Found a shimmering altar of Xom.
  2105 | D:3      | Found a shimmering altar of Xom.
  2106 | D:3      | Found a shimmering altar of Xom.
  2209 | D:3      | Found a shimmering altar of Xom.
  2211 | D:3      | Found a shimmering altar of Xom.
  2212 | D:3      | Found a shimmering altar of Xom.
  2212 | D:3      | Found a shimmering altar of Xom.
  2240 | D:3      | Reached XP level 5. HP: 27/43 MP: 14/14
  2723 | D:4      | Noticed a black bear
  2935 | D:4      | Found a staircase to the Ecumenical Temple.
  2961 | D:4      | Killed a black bear
  2962 | D:4      | Reached skill level 5 in Fighting
  2962 | D:4      | Reached XP level 6. HP: 18/51 MP: 16/16
  2971 | Temple   | Entered the Ecumenical Temple
  4118 | D:5      | Entered Level 5 of the Dungeon
  4126 | D:5      | Noticed Duvessa
  4153 | D:5      | Reached XP level 7. HP: 9/56 MP: 18/18
  4424 | D:5      | Noticed Dowan
  4704 | D:5      | Noticed Sigmund
  5030 | D:5      | Noticed Grinder
  5040 | D:5      | Paralysed by Grinder for 3 turns
  5044 | D:5      | HP: 1/56 [hound (3)]
  5047 | D:5      | Slain by a hound

Illustrated notes

Levels and vault maps discovered:
D:1:      wander_arrival_lonely_grave, layout_basic,
          shapermc_ecumenical_altar_petra, chequers_hall_statues_corner_a
D:2:      layout_rooms
D:3:      layout_basic, nemelex_altar_shiori, nicolae_xom_altar_mimics,
          serial_curves, eino_curves_04, eino_curves_03
D:4:      layout_loops_ring, minmay_temple_entry_ruins
D:5:      layout_rooms, chequers_temple_overflow_minitemple, minivault_1,
          minmay_misc_feat_doors, uniq_grinder, uniq_duvessa, uniq_sigmund
Temple:   jpeg_temple_clearing

Skill      XL: |  1  2  3  4  5  6 |
---------------+-------------------+-----
Invocations    | 1 2 |  2.8
Short Blades   | 1 2 |  2.5
Long Blades    | 1 2 |  2.5
Axes           | 1 2 |  2.5
Maces & Flails | 1 2 |  2.5
Polearms       | 1 2 |  2.5
Staves         | 1 2 |  2.5
Ranged Weapons | 1 2 |  2.5
Throwing       | 1 2 |  2.5
Armour         | 1 2 |  2.5
Dodging        | 1 2 |  2.5
Shields        | 1 2 |  2.5
Unarmed Combat | 1 2 |  2.5
Evocations     | 1 2 |  2.5
Conjurations   | 1 2 |  2.0
Hexes          | 1 2 |  2.0
Necromancy     | 1 2 |  2.0
Translocations | 1 2 |  2.0
Transmutations | 1 2 |  2.0
Fire Magic     | 1 2 |  2.0
Ice Magic      | 1 2 |  2.0
Air Magic      | 1 2 |  2.0
Earth Magic    | 1 2 |  2.0
Poison Magic   | 1 2 |  2.0
Fighting       | 5 |  5.2
Stealth        | 3 |  3.5
Spellcasting   | |  7.6
Summonings     | |  7.4

Action                   |  1- 3 |  4- 6 |  7- 9 || total
-------------------------+-------+-------+-------++-------
Melee: Short sword       |    17 |       |       ||    17
       Dagger            |    72 |   203 |    38 ||   313
       Bite              |    12 |    17 |     6 ||    35
       Punch             |       |     3 |     1 ||     4
Throw: Dart              |       |       |     5 ||     5
 Stab: Sleeping          |     5 |     1 |       ||     6
Armor: Robe              |    10 |       |       ||    10
       Ring mail         |    19 |    78 |    21 ||   118
Dodge: Dodged            |    47 |    95 |    29 ||   171
